 Dungeon Crawl Stone Soup version 0.30-a0-782-ge64f9170bb (webtiles) character file.

Game seed: 9894169157409096119

1726 Jossarian the Scholar of Death (level 8, -1/60 HPs)
             Began as a Demonspawn Necromancer on Feb 19, 2023.
             Was a Follower of Kikubaaqudgha.
             Succumbed to a water moccasin's poison
             ... on level 6 of the Dungeon.
             The game lasted 02:14:54 (5299 turns).

Jossarian the Scholar of Death (DsNe)               Turns: 5299, Time: 02:14:55

Health: -1/60      AC: 12    Str: 10    XL:     8   Next: 75%
Magic:  12/12      EV:  9    Int: 18    God:    Kikubaaqudgha [*.....]
Gold:   358        SH:  0    Dex: 13    Spells: 2/12 levels left

rFire   . . .      SeeInvis .    E - +1 long sword
rCold   + . .      Faith    .    (no shield)
rNeg    . . .      Spirit   .    j - +1 scale mail {Will+}
rPois   .          Reflect  .    g - +1 hat
rElec   .          Harm     .    (no cloak)
rCorr   .          Rampage  .    G - +0 pair of gloves
Will    +....                    (no boots)
Stlth   +                        (no amulet)
HPRegen 0.30/turn                i - ring of protection from fire
MPRegen 0.13/turn                F - ring of ice

@: lethally poisoned (-1 -> -10)
A: icy blue scales 1, powered by death 1, demonic touch 2
a: Renounce Religion, Unearth Wretches


You were on level 6 of the Dungeon.
You worshipped Kikubaaqudgha.
Kikubaaqudgha was aware of your devotion.
You visited 2 branches of the dungeon, and saw 8 of its levels.

You collected 358 gold pieces.

Inventory:

Hand Weapons
 d - a +0 short sword of draining
 l - a +1 dagger of chaos
 p - a +0 sling
 t - a +0 short sword
 u - a +0 shortbow
 y - a +0 flail
 z - a +0 spear
 E - a +1 long sword (weapon)
 H - a +0 heavy flail
 L - a +0 rapier of chaos
 M - a +2 short sword of chaos
 N - a +2 short sword of chaos
 O - a +2 short sword of chaos
 P - a +0 short sword of chaos
Missiles
 e - 39 stones
 r - 2 silver javelins (quivered)
 w - 11 poisoned darts
 x - 3 curare-tipped darts
 C - 6 boomerangs
Armour
 a - a +0 robe
 c - a +0 chain mail
 g - a +1 hat (worn)
 h - a +0 leather armour
 j - a +1 scale mail of willpower (worn)
 n - a +1 plate armour
 q - a +0 ring mail
 s - a +0 ring mail
 A - a +0 leather armour
 B - a +0 chain mail
 G - a +0 pair of gloves (worn)
Jewellery
 i - a ring of protection from fire (left hand)
 F - a ring of ice (right hand)
 J - a ring of resist corrosion
Wands
 D - a wand of polymorph (11)
Scrolls
 m - 3 scrolls of teleportation
 o - a scroll of fog
Potions
 b - 3 potions of magic
 f - 2 potions of attraction
 k - 4 potions of brilliance
 v - a potion of flight
 I - a potion of mutation
 Q - a potion of lignification {unknown}


   Skills:
 + Level 3.9 Fighting
 + Level 2.5(3.9) Short Blades
 + Level 4.4(4.8) Long Blades
 + Level 2.1 Maces & Flails
 + Level 1.7 Throwing
 + Level 4.5 Armour
 + Level 3.7 Dodging
 + Level 2.1 Stealth
 + Level 2.8 Spellcasting
 + Level 5.7 Necromancy


You had 2 spell levels left.
You knew the following spells:

 Your Spells              Type           Power      Damage    Failure   Level
a - Necrotise             Necr           92%        1d8       10%         1
b - Vampiric Draining     Necr           23%        2d7       28%         3
c - Animate Dead          Necr           23%        N/A       67%         4
d - Sublimation of Blood  Necr           23%        N/A       14%         2

Your spell library contained the following spells:

 Spells                   Type           Power      Damage    Failure   Level
 Cigotuvi's Dreadful Rot  Necr/Pois/Air  18%        N/A       56%         2
 Apportation              Tloc           4%         N/A       69%         1
 Summon Small Mammal      Summ           8%         N/A       69%         1
 Wereblood                Tmut           2%         N/A       83%         2
 Agony                    Necr           23%        N/A       95%         5
 Summon Hydra             Summ           1%         N/A       100%        7
 Chain Lightning          Conj/Air       1%         3d1       100%        9
 Fire Storm               Conj/Fire      1%         7d1       100%        9
 Shatter                  Erth           1%         3d5*      100%        9


Dungeon Overview and Level Annotations

Branches:
Dungeon (7/15)             Temple (1/1) D:4

Altars:
Ashenzari
Dithmenos
Fedhas
Gozag
Kikubaaqudgha
Nemelex Xobeh
Qazlal
Ru
Sif Muna
Trog
Uskayaw
Vehumet
Wu Jian
Xom
Yredelemnul

Annotations:
D:7 Joseph


Innate Abilities, Weirdness & Mutations

You are partially covered in icy blue scales. (AC +2)
You regenerate a little health from kills.
Your touch may inflict irresistible damage on your foes.


Message History

* * * LOW HITPOINT WARNING * * *
You feel very sick.
The water moccasin bites you but does no damage. x2
* * * LOW HITPOINT WARNING * * *
You feel very sick.
You are confused.
You feel invigorated.
You feel very sick.
The water moccasin bites you but does no damage.
You feel sick. The water moccasin bites you.
* * * LOW HITPOINT WARNING * * *
You bump into the rock wall.
You feel sick. The water moccasin closely misses you.
You feel sick.
The water moccasin bites you but does no damage.
You bump into the rock wall.
You feel less invigorated.
You feel less confused.
You feel sick. The water moccasin barely misses you.
The water moccasin attacks as you move away!
The water moccasin bites you.
* * * LOW HITPOINT WARNING * * *
You feel sick.
You feel sick.
The water moccasin bites you but does no damage.
The water moccasin attacks as you move away!
The water moccasin bites you.
* * * LOW HITPOINT WARNING * * *
You feel sick.
You feel sick.
You are no longer poisoned.
The water moccasin bites you.
* * * LOW HITPOINT WARNING * * *
You are lethally poisoned!
The water moccasin poisons you!
* * * LOW HITPOINT WARNING * * *
You feel very sick.
You hit the water moccasin.
The water moccasin is moderately wounded.
You die...
Kikubaaqudgha rasps: "You have failed me!
Welcome... death!"

# #...# ..# #.####.## #.....
#...# .......# #..#.#
###...##########..#.#..#.. #..#.#
...............##.............#.#
........#......##.#.......###....
.......####.#.###.#.##.##.# #....
....... ...#.......##.##.###.#.#
....... #.###..S@...............#
..........#...............# #....
........# #.#.#####....##.###....
........ #...# #...........##. ..
###.#######.###.###.##.
#.........# #.##.....
####†####....# #.##.....
##....####....# #.##.....
#........#....###.###.#)#


You could see a water moccasin.

Vanquished Creatures
  Grinder (D:4)
  An ice beast (D:5)
  A sky beast (D:6)
  2 centaurs
  A phantom (D:6)
  2 kobold brigands (D:6)
  A bullfrog (D:6)
  2 necrophages (D:4)
  3 scorpions
  A crimson imp (D:4)
  5 hounds
  2 orc priests
  2 iguanas (D:5)
  4 orc wizards
  4 gnolls (D:5)
  8 adders
  2 shadow imps (D:5)
  2 white imps
  2 ufetubi (D:5)
  2 worms
  A dart slug (D:1)
  14 orcs
  7 ball pythons
  4 endoplasms
  5 giant cockroaches
  4 hobgoblins
  5 jackals (D:3)
  10 kobolds
  4 quokkas
  5 bats
  2 frilled lizards
  8 goblins
  6 rats
123 creatures vanquished.

Notes
Turn   | Place    | Note
-------+----------+-------------------------------------------
     0 | D:1      | Jossarian the Demonspawn Necromancer began the quest for
                  | the Orb.
     0 | D:1      | Reached XP level 1. HP: 13/13 MP: 3/3
   463 | D:1      | Gained mutation: You regenerate a little health from kills.
                  | [demonic ancestry]
   463 | D:1      | Reached XP level 2. HP: 15/19 MP: 5/5
   963 | D:2      | Reached skill level 5 in Necromancy
   963 | D:2      | Gained mutation: Your touch may inflict minor irresistible
                  | damage on your foes. [demonic ancestry]
   963 | D:2      | Reached XP level 3. HP: 15/24 MP: 6/6
   967 | D:2      | Learned a level 3 spell: Vampiric Draining
  1283 | D:2      | Reached skill level 1 in Short Blades
  1283 | D:2      | Reached skill level 1 in Armour
  1321 | D:2      | Gained mutation: You are partially covered in icy blue
                  | scales. (AC +2) [demonic ancestry]
  1321 | D:2      | Reached XP level 4. HP: 26/31 MP: 7/7
  1413 | D:3      | Reached skill level 1 in Fighting
  1702 | D:2      | Reached XP level 5. HP: 37/37 MP: 8/8
  2176 | D:4      | Learned a level 4 spell: Animate Dead
  2220 | D:4      | Reached skill level 1 in Maces & Flails
  2291 | D:4      | Reached XP level 6. HP: 33/43 MP: 9/9
  2331 | D:4      | Found a staircase to the Ecumenical Temple.
  2669 | Temple   | Entered the Ecumenical Temple
  2805 | Temple   | Became a worshipper of Kikubaaqudgha
  2908 | D:5      | Entered Level 5 of the Dungeon
  3081 | D:5      | Noticed Grinder
  3353 | D:5      | Paralysed by Grinder for 3 turns
  3360 | D:4      | Paralysed by Grinder for 4 turns
  3371 | D:4      | Killed Grinder
  3372 | D:4      | Reached skill level 1 in Long Blades
  3372 | D:4      | Reached XP level 7. HP: 15/51 MP: 10/10
  3920 | D:5      | Reached skill level 1 in Throwing
  4055 | D:5      | Gained mutation: Your touch may inflict irresistible damage
                  | on your foes. [demonic ancestry]
  4055 | D:5      | Reached XP level 8. HP: 38/57 MP: 8/11
  4409 | D:5      | Found a shimmering blue altar of Sif Muna.
  4458 | D:6      | Reached * piety under Kikubaaqudgha
  4458 | D:6      | Received a gift from Kikubaaqudgha
  4462 | D:6      | Learned a level 2 spell: Sublimation of Blood
  4562 | D:6      | Found a large runed translucent door.
  4562 | D:6      | Found a large runed translucent door.
  4778 | D:6      | Found a shimmering altar of Xom.
  4815 | D:7      | Noticed Joseph
  5298 | D:6      | HP: 2/60 [poisoned by a water moccasin]
  5299 | D:6      | Succumbed to a water moccasin's poison

Illustrated notes

Levels and vault maps discovered:
D:1:      onia_arrival_pentagram, layout_loops_ring, minivault_24
D:2:      layout_rooms
D:3:      minmay_chambers_of_threes, layout_basic
D:4:      layout_basic, minmay_temple_entry_proselytizer, minmay_misc_feat_iff,
          hex_intersection, minmay_fire_ice_demons
D:5:      layout_loops_corners, led_sif_pool, kennysheep_generic_room_9,
          uniq_grinder
D:6:      due_chaos_kobolds, layout_basic, nicolae_benzene_ring, uniq_edmund,
          uniq_prince_ribbit1
D:7:      nzn_winding_woodlands_cross [nzn_winding_woodlands_5x15_sawtooth,
          nzn_winding_woodlands_5x15_lazy_stream,
          nzn_winding_woodlands_5x15_split_checker,
          nzn_winding_woodlands_5x15_pockets,
          nzn_winding_woodlands_15x15_eel_pit], layout_cave_pods, serial_glass,
          glass_columns_a, glass_columns_a, uniq_joseph
Temple:   regret_index_temple_waves

Skill      XL: |  1  2  3  4  5  6  7  8 |
---------------+-------------------------+-----
Dodging        | 2 3 |  3.7
Necromancy     | 5 |  5.7
Short Blades   | 1 2 |  2.5
Armour         | 1 2 3 4 |  4.5
Stealth        | 2 |  2.1
Fighting       | 1 2 3 |  3.9
Maces & Flails | 1 2 |  2.1
Long Blades    | 1 3 4 |  4.4
Throwing       | 1 |  1.7
Spellcasting   | |  2.8

Action                     |  1- 3 |  4- 6 |  7- 9 || total
---------------------------+-------+-------+-------++-------
  Melee: Short sword       |    73 |    63 |       ||   136
         Punch             |     3 |     2 |       ||     5
         Touch             |     5 |    39 |    24 ||    68
         Flail             |       |    63 |       ||    63
         Long sword        |       |    66 |   127 ||   193
   Fire: Sling             |       |     2 |       ||     2
  Throw: Stone             |       |    12 |     2 ||    14
         Javelin           |       |     4 |     9 ||    13
         Dart              |       |       |     8 ||     8
   Cast: Necrotise         |       |       |    17 ||    17
    Use: Scroll            |     9 |     6 |     4 ||    19
         Potion            |     2 |     1 |     4 ||     7
   Stab: Sleeping          |     1 |       |       ||     1
 Armour: Chain mail        |    21 |       |       ||    21
         Plate armour      |    32 |    80 |       ||   112
         Skin              |     3 |       |       ||     3
         Scale mail        |       |    72 |   108 ||   180
  Dodge: Dodged            |    11 |    48 |    89 ||   148

Table legend: (Time is in decaauts)
 A = Elapsed time spent in this place.
 B = Non-inter-level travel time spent in this place.
 C = Inter-level travel time spent in this place.
 D = Time resting spent in this place.
 E = Time spent auto-exploring this place.
 F = Levels seen in this place.
 G = Mean time per level.
                   A        B        C        D        E       F      G
               +--------+--------+--------+--------+--------+-----+--------+
         Total |   5385 |   2801 |   2584 |   1035 |      0 |   8 |  673.1 |
       Dungeon |   5222 |   2786 |   2436 |   1035 |      0 |   7 |  746.0 |
        Temple |    162 |     14 |    148 |      0 |      0 |   1 |  162.0 |
               +--------+--------+--------+--------+--------+-----+--------+

Top non-repeatable levels by time:
     D:5: 1243 daAuts
     D:4: 1072 daAuts
     D:6: 852 daAuts
     D:3: 787 daAuts
     D:1: 695 daAuts
     D:2: 561 daAuts
  Temple: 162 daAuts
     D:7: 10 daAuts
